SA
NEBRASKA PLAINSMEN @ SYRACUSE STORM
07/12/2024
 
TOP OF THE 1ST
Nebraska Plainsmen batting - Pitching for Syracuse Storm : RHP Craig Whitney
Pitching: RHP Craig Whitney
Batting: RHB George St. Clair 0-0: Ball
1-0: Ball
2-0: Ball
3-0: Called Strike
3-1: Foul Ball, location: 2F
3-2: Ground out 5-3 (Groundball, 6)
Batting: RHB Luis Aragón 0-0: Ball
1-0: Swinging Strike
1-1: Ball
2-1: Called Strike
2-2: Foul Ball, location: 2F
2-2: Ball
3-2: Strikes out swinging
Batting: RHB Bob Barlow 0-0: Ball
1-0: Called Strike
1-1: Swinging Strike
1-2: Foul Ball, location: 2F
1-2: Foul Ball, location: 2F
1-2: Ball
2-2: Foul Ball, location: 2F
2-2: Ground out 4-3 (Groundball, 4)
Top of the 1st over - 0 run(s), 0 hit(s), 0 error(s), 0 left on base; Nebraska 0 - Syracuse 0
BOTTOM OF THE 1ST
Syracuse Storm batting - Pitching for Nebraska Plainsmen : RHP Enrique Castillo
Pitching: RHP Enrique Castillo
Batting: RHB Carlos Ramírez 0-0: Ball
1-0: Called Strike
1-1: Foul Ball, location: 2F
1-2: Strikes out swinging
Batting: LHB King Randell 0-0: Ball
1-0: Ball
2-0: SINGLE (Groundball, 34)
Batting: SHB Roberto López 0-0: Called Strike
0-1: Ball
1-1: 2-RUN HOME RUN (Flyball, 8RXD), Distance : 452 ft
Batting: RHB Carlos De Jesús 0-0: Ball
1-0: Foul Ball, location: 2F
1-1: Swinging Strike
1-2: Ball
2-2: Ball
3-2: Base on Balls
Batting: RHB Chi-hyeong Ho 0-0: Swinging Strike
0-1: Foul Ball, location: 2F
0-2: Ball
1-2: Strikes out swinging
Batting: RHB Jim Unknown 0-0: Ball
1-0: Called Strike
1-1: Called Strike
1-2: SINGLE (Line Drive, 78S)
Carlos De Jesús to second
Batting: RHB Octávio Beltzán 0-0: Ball
1-0: Called Strike
1-1: Ground out U3 (Groundball, 3S)
Bottom of the 1st over - 2 run(s), 3 hit(s), 0 error(s), 2 left on base; Nebraska 0 - Syracuse 2
TOP OF THE 2ND
Nebraska Plainsmen batting - Pitching for Syracuse Storm : RHP Craig Whitney
Batting: LHB Sisto Pagnamenta 0-0: Ball
1-0: SINGLE (Groundball, 34)
Batting: RHB Lorenzo Ruíz 0-0: Ball
1-0: Foul Ball, location: 2F
1-1: Ball
2-1: Swinging Strike
2-2: Strikes out looking
Batting: LHB Alex Willis 0-0: Ball
1-0: Fly out, F7 (Popup, 78S)
Batting: RHB Carl Wheezer 0-0: Ball
1-0: Called Strike
1-1: Called Strike
1-2: Ball
2-2: Ball
3-2: Base on Balls
Sisto Pagnamenta to second
Batting: RHB Levi Tess 0-0: Called Strike
0-1: Foul Ball, location: 2F
0-2: Foul Ball, location: 2F
0-2: Ball
1-2: Strikes out swinging
Top of the 2nd over - 0 run(s), 1 hit(s), 0 error(s), 2 left on base; Nebraska 0 - Syracuse 2
BOTTOM OF THE 2ND
Syracuse Storm batting - Pitching for Nebraska Plainsmen : RHP Enrique Castillo
Batting: RHB Jim Unknown 0-0: Foul Ball, location: 2F
0-1: Ball
1-1: Ball
2-1: Ball
3-1: Base on Balls
Batting: RHB Manny Gonzáles 0-0: Grounds into double play, 5-4-3 (Groundball, 5)
Batting: RHB Carlos Ramírez 0-0: Ball
1-0: Foul Ball, location: 2F
1-1: Ball
2-1: Ball
3-1: Base on Balls
Batting: LHB King Randell 0-0: Called Strike
Carlos Ramírez steals 2nd base
0-1: Called Strike
Carlos Ramírez is caught stealing 3rd base
Bottom of the 2nd over - 0 run(s), 0 hit(s), 0 error(s), 0 left on base; Nebraska 0 - Syracuse 2
TOP OF THE 3RD
Nebraska Plainsmen batting - Pitching for Syracuse Storm : RHP Craig Whitney
Batting: RHB Jorge Salgado 0-0: Ball
1-0: Ball
2-0: Foul Ball, location: 2F
2-1: Ground out 6-3 (Groundball, 6)
Batting: RHB George St. Clair 0-0: Ball
1-0: Called Strike
1-1: Swinging Strike
1-2: Ball
2-2: Strikes out swinging
Batting: RHB Luis Aragón 0-0: Ball
1-0: Called Strike
1-1: Swinging Strike
1-2: Ground out 4-3 (Groundball, 4)
Top of the 3rd over - 0 run(s), 0 hit(s), 0 error(s), 0 left on base; Nebraska 0 - Syracuse 2
BOTTOM OF THE 3RD
Syracuse Storm batting - Pitching for Nebraska Plainsmen : RHP Enrique Castillo
Batting: LHB King Randell 0-0: Swinging Strike
0-1: Ball
1-1: Fly out, F7 (Flyball, 7M)
Batting: SHB Roberto López 0-0: Ground out 4-3 (Groundball, 4)
Batting: RHB Carlos De Jesús 0-0: Called Strike
0-1: Foul Ball, location: 2F
0-2: SINGLE (Line Drive, 6MD)
Batting: RHB Chi-hyeong Ho 0-0: Ball
1-0: Called Strike
Carlos De Jesús steals 2nd base
1-1: Foul Ball, location: 2F
1-2: Ball
2-2: Strikes out swinging
Bottom of the 3rd over - 0 run(s), 1 hit(s), 0 error(s), 1 left on base; Nebraska 0 - Syracuse 2
TOP OF THE 4TH
Nebraska Plainsmen batting - Pitching for Syracuse Storm : RHP Craig Whitney
Batting: RHB Bob Barlow 0-0: Swinging Strike
0-1: Ground out 5-3 (Groundball, 5)
Batting: LHB Sisto Pagnamenta 0-0: Ball
1-0: Hit by Pitch
Batting: RHB Lorenzo Ruíz 0-0: Called Strike
0-1: SINGLE (Groundball, 56)
Sisto Pagnamenta to second
Batting: LHB Alex Willis 0-0: Ball
1-0: Ball
2-0: Swinging Strike
2-1: SINGLE (Line Drive, 9S)
Sisto Pagnamenta to third
Lorenzo Ruíz to second
Runner from 3rd tries for Home, SAFE, no throw or cutoff
Batting: RHB Carl Wheezer 0-0: Fielders Choice at 2nd, U6 (Groundball, 6M)
Lorenzo Ruíz to third
Batting: RHB Levi Tess 0-0: Ball
Carl Wheezer steals 2nd base
1-0: Called Strike
1-1: Ball
2-1: Ball
3-1: Foul Ball, location: 2F
3-2: Base on Balls
Batting: RHB Jorge Salgado 0-0: Called Strike
0-1: Called Strike
0-2: Ball
1-2: Strikes out swinging
Top of the 4th over - 1 run(s), 2 hit(s), 0 error(s), 3 left on base; Nebraska 1 - Syracuse 2
BOTTOM OF THE 4TH
Syracuse Storm batting - Pitching for Nebraska Plainsmen : RHP Enrique Castillo
Batting: RHB Jim Unknown 0-0: Fly out, F2 (Popup, 2RF)
Batting: RHB Octávio Beltzán 0-0: Ball
1-0: Swinging Strike
1-1: Fly out, F8 (Flyball, 8LS)
Batting: RHB Jim Unknown 0-0: Foul Ball, location: 2F
0-1: Foul Ball, location: 2F
0-2: Foul Ball, location: 2F
0-2: Ball
1-2: Ground out 1-3 (Groundball, 15S)
Bottom of the 4th over - 0 run(s), 0 hit(s), 0 error(s), 0 left on base; Nebraska 1 - Syracuse 2
TOP OF THE 5TH
Nebraska Plainsmen batting - Pitching for Syracuse Storm : RHP Craig Whitney
Batting: RHB George St. Clair 0-0: Called Strike
0-1: Foul Ball, location: 2F
0-2: Ground out 6-3 (Groundball, 6)
Batting: RHB Luis Aragón 0-0: Fly out, F8 (Flyball, 8LM)
Batting: RHB Bob Barlow 0-0: Called Strike
0-1: Ball
1-1: Foul Ball, location: 2F
1-2: Fly out, F7 (Flyball, 78S)
Top of the 5th over - 0 run(s), 0 hit(s), 0 error(s), 0 left on base; Nebraska 1 - Syracuse 2
BOTTOM OF THE 5TH
Syracuse Storm batting - Pitching for Nebraska Plainsmen : RHP Enrique Castillo
Batting: RHB Manny Gonzáles 0-0: Ball
1-0: Called Strike
1-1: Called Strike
1-2: Strikes out swinging
Batting: RHB Carlos Ramírez 0-0: Foul Ball, location: 2F
0-1: Ball
1-1: Ball
2-1: SINGLE (Groundball, 34D)
Batting: LHB King Randell 0-0: Ball
1-0: SINGLE (Line Drive, 7S)
Carlos Ramírez to second
Batting: SHB Roberto López 0-0: Swinging Strike
0-1: Ball
1-1: Ball
2-1: Called Strike
2-2: Ball
3-2: Foul Ball, location: 2F
3-2: Foul Ball, location: 2F
3-2: Foul Ball, location: 2F
3-2: Grounds into double play, 4-6-3 (Groundball, 4)
Bottom of the 5th over - 0 run(s), 2 hit(s), 0 error(s), 1 left on base; Nebraska 1 - Syracuse 2
TOP OF THE 6TH
Nebraska Plainsmen batting - Pitching for Syracuse Storm : RHP Craig Whitney
Batting: LHB Sisto Pagnamenta 0-0: Swinging Strike
0-1: Swinging Strike
0-2: Fly out, F7 (Line Drive, 78M)
Batting: RHB Lorenzo Ruíz 0-0: Ball
1-0: Called Strike
1-1: Called Strike
1-2: Ball
2-2: Ball
3-2: Strikes out swinging
Batting: LHB Alex Willis 0-0: Ball
1-0: Swinging Strike
1-1: Swinging Strike
1-2: Strikes out swinging
Top of the 6th over - 0 run(s), 0 hit(s), 0 error(s), 0 left on base; Nebraska 1 - Syracuse 2
BOTTOM OF THE 6TH
Syracuse Storm batting - Pitching for Nebraska Plainsmen : RHP Enrique Castillo
Batting: RHB Carlos De Jesús 0-0: Ground out 6-3 (Groundball, 56)
Batting: RHB Chi-hyeong Ho 0-0: Ball
1-0: Swinging Strike
1-1: SINGLE (Groundball, 5S) (infield hit)
Batting: RHB Jim Unknown 0-0: Called Strike
0-1: Called Strike
Chi-hyeong Ho is caught stealing 2nd base
0-2: Strikes out swinging
Bottom of the 6th over - 0 run(s), 1 hit(s), 0 error(s), 0 left on base; Nebraska 1 - Syracuse 2
TOP OF THE 7TH
Nebraska Plainsmen batting - Pitching for Syracuse Storm : RHP Craig Whitney
Batting: RHB Carl Wheezer 0-0: Foul Ball, location: 2F
0-1: Ball
1-1: Swinging Strike
1-2: Strikes out swinging
Batting: RHB Levi Tess 0-0: Fly out, F7 (Flyball, 78M)
Batting: RHB Jorge Salgado 0-0: Called Strike
0-1: Foul Ball, location: 2F
0-2: Foul Ball, location: 2F
0-2: Strikes out looking
Top of the 7th over - 0 run(s), 0 hit(s), 0 error(s), 0 left on base; Nebraska 1 - Syracuse 2
BOTTOM OF THE 7TH
Syracuse Storm batting - Pitching for Nebraska Plainsmen : RHP Enrique Castillo
Batting: RHB Octávio Beltzán 0-0: Ball
1-0: Ground out 1-3 (Groundball, 13S)
Batting: RHB Jim Unknown 0-0: Called Strike
0-1: Foul Ball, location: 2F
0-2: Foul Ball, location: 2F
0-2: Foul Ball, location: 2F
0-2: SOLO HOME RUN (Flyball, 7LD), Distance : 371 ft
Batting: RHB Manny Gonzáles 0-0: Ball
1-0: Ground out 6-3 (Groundball, 6S)
Batting: RHB Carlos Ramírez 0-0: Swinging Strike
0-1: Foul Ball, location: 2F
0-2: Ball
1-2: Strikes out swinging
Bottom of the 7th over - 1 run(s), 1 hit(s), 0 error(s), 0 left on base; Nebraska 1 - Syracuse 3
TOP OF THE 8TH
Nebraska Plainsmen batting - Pitching for Syracuse Storm : RHP Craig Whitney
Pitching: RHP Jim Unknown
Batting: RHB George St. Clair 0-0: Ball
1-0: Ball
2-0: Ball
3-0: Base on Balls
Batting: RHB Luis Aragón 0-0: Ball
1-0: Called Strike
1-1: SINGLE (Groundball, 4M)
George St. Clair to second
Runner from 2nd tries for 3rd, SAFE, no throw or cutoff
Batting: RHB Bob Barlow 0-0: Called Strike
0-1: Ball
1-1: Ball
2-1: Called Strike
2-2: Foul Ball, location: 2F
2-2: Foul Ball, location: 2F
2-2: Ball
3-2: Grounds into double play, 1-4-3 (Groundball, 15S)
Batting: LHB Sisto Pagnamenta 0-0: Called Strike
0-1: Ball
1-1: Foul Ball, location: 2F
1-2: Foul Ball, location: 2F
1-2: Ground out 3-1 (Groundball, 34S)
Top of the 8th over - 0 run(s), 1 hit(s), 0 error(s), 1 left on base; Nebraska 1 - Syracuse 3
BOTTOM OF THE 8TH
Syracuse Storm batting - Pitching for Nebraska Plainsmen : RHP Enrique Castillo
Batting: LHB King Randell 0-0: Ball
1-0: Ball
2-0: Ball
3-0: Base on Balls
Pitching: RHP Mike Lawrence
Batting: SHB Roberto López 0-0: Foul Ball, location: 2F
0-1: Swinging Strike
0-2: Ball
1-2: Strikes out looking
Batting: RHB Carlos De Jesús 0-0: Fly out, F4 (Flyball, 4D)
Batting: RHB Chi-hyeong Ho 0-0: Foul Ball, location: 2F
0-1: Ball
1-1: Ball
2-1: Foul Ball, location: 2F
2-2: Ball
3-2: Strikes out swinging
Bottom of the 8th over - 0 run(s), 0 hit(s), 0 error(s), 1 left on base; Nebraska 1 - Syracuse 3
TOP OF THE 9TH
Nebraska Plainsmen batting - Pitching for Syracuse Storm : RHP Jim Unknown
Batting: RHB Lorenzo Ruíz 0-0: Foul Ball, location: 2F
0-1: Ball
1-1: Called Strike
1-2: Ball
2-2: Strikes out swinging
Batting: LHB Alex Willis 0-0: Called Strike
0-1: Foul Ball, location: 2F
0-2: Ball
1-2: SINGLE (Line Drive, 3D)
Pinch Hitting: LHB Jim Unknown 0-0: Called Strike
0-1: Ball
1-1: Ball
2-1: Ball
3-1: Foul Ball, location: 2F
3-2: Foul Ball, location: 2F
3-2: Base on Balls
Alex Willis to second
Pinch Hitting: RHB Mike Taylor 0-0: Ground out 3-1 (Groundball, 34S)
Alex Willis to third
Jim Unknown to second
Pinch Hitting: LHB Jim Unknown 0-0: Ball
1-0: Foul Ball, location: 2F
1-1: Ball
2-1: Called Strike
2-2: Strikes out swinging
Top of the 9th over - 0 run(s), 1 hit(s), 0 error(s), 2 left on base; Nebraska 1 - Syracuse 3
This league is powered by Out of the Park Baseball, the baseball management simulation game for PC, Mac and Linux
Monday, October 3rd, 2016 - OOTP Baseball 16.9 Build 39